 Dungeon Crawl Stone Soup version 0.20.1-2-g1830e616b0 (webtiles) character file.

178 Alfie the Shooter (level 5, -1/39 HPs)
             Began as a Human Hunter on Jan 15, 2020.
             Slain by a hound (3 damage)
             ... on level 4 of the Dungeon.
             The game lasted 00:10:03 (2071 turns).

Alfie the Shooter (Human Hunter)                    Turns: 2071, Time: 00:10:03

Health: -1/39      AC:  5    Str: 14    XL:     5   Next: 89%
Magic:  5/5        EV: 12    Int: 11    God:
Gold:   177        SH:  0    Dex: 13    Spells: 4/4 levels left

rFire    . . .     SeeInvis .   a - +2 shortbow
rCold    . . .     Gourm    .   (shield currently unavailable)
rNeg     . . .     Faith    .   c - +2 leather armour
rPois    +         Spirit   .   (no helmet)
rElec    .         Reflect  .   (no cloak)
rCorr    .         Harm     .   (no gloves)
MR       .....                  (no boots)
Stlth    +.........             (no amulet)
Regen    0.2/turn               e - ring of poison resistance
MPRegen  0.1/turn               (no ring)

@: no status effects
A: no striking features
a: no special abilities


You were on level 4 of the Dungeon.
You were not hungry.

You visited 1 branch of the dungeon, and saw 4 of its levels.

You collected 177 gold pieces.

Inventory:

Hand Weapons
 a - a +2 shortbow (weapon)
 b - a +0 short sword
Missiles
 d - 59 arrows (quivered)
Armour
 c - a +2 leather armour (worn)
 i - a +0 pair of boots
Jewellery
 e - a ring of poison resistance (left hand)
 k - an uncursed ring of protection from fire
 q - an uncursed ring of positive energy {unknown}
 s - an uncursed ring of flight {unknown}
Scrolls
 h - a scroll of teleportation
 n - a scroll of magic mapping
 w - a scroll of remove curse {unknown}
 y - a scroll of noise {unknown}
Potions
 g - a potion of heal wounds {unknown}
 j - a potion of agility {unknown}
 l - a potion of lignification {unknown}
 m - a potion of berserk rage {unknown}
 o - 2 potions of invisibility {unknown}
 p - a potion of curing {unknown}
 t - a potion of brilliance {unknown}
 u - a potion of mutation {unknown}
Comestibles
 f - 3 bread rations


   Skills:
 + Level 2.7 Fighting
 + Level 6.1 Bows
 + Level 1.1 Armour
 + Level 2.0 Dodging
 + Level 1.0 Stealth


You had 4 spell levels left.
You didn't know any spells.

Dungeon Overview and Level Annotations

Branches:
Dungeon (4/15)
 Temple: D:4-7

Altars:
Ashenzari
Dithmenos
Hepliaklqana
Makhleb
Zin


Message History

Press: ? - help, Shift-Dir - straight line, f/p - hound
Aim: a hound (heavily wounded)
You shoot an arrow. The arrow hits the hound.
The hound is almost dead.
The hound bites you.
* * * LOW HITPOINT WARNING * * *
The hound bites you.
* * * LOW HITPOINT WARNING * * *
Firing (i - inventory):
d - 61 arrows (quivered)
Press: ? - help, Shift-Dir - straight line, f/p - hound
Aim: a hound (almost dead)
You shoot an arrow. The arrow closely misses the hound.
The hound bites you.
* * * LOW HITPOINT WARNING * * *
Firing (i - inventory):
d - 60 arrows (quivered)
Press: ? - help, Shift-Dir - straight line, f/p - hound
Aim: a hound (almost dead)
You shoot an arrow. The arrow barely misses the hound.
The hound bites you.
* * * LOW HITPOINT WARNING * * *
The hound bites you.
You die...

#### ...## # # #... #.#.
#..# ##.#! ####..###.#
.....####........
..........##..#######...
.........(....))@h.....(
............#.######...^
.....########.# # ..##
#.# #.# ..# ###


You could see a hound.

Vanquished Creatures
  A hound (D:4)
  3 gnolls (D:4)
  4 adders
  An ooze (D:3)
  An adder skeleton (D:4)
  4 worms (D:2)
  A leopard gecko (D:1)
  4 orcs (D:3)
  9 bats
  2 giant cockroaches
  8 goblins
  5 hobgoblins
  5 jackals (D:2)
  5 kobolds (D:1)
  3 frilled lizards
  8 rats
64 creatures vanquished.

Notes
Turn   | Place    | Note
-------+----------+-------------------------------------------
     0 | D:1      | Alfie the Human Hunter began the quest for the Orb.
     0 | D:1      | Reached XP level 1. HP: 16/16 MP: 1/1
   214 | D:1      | Reached XP level 2. HP: 22/22 MP: 2/2
   482 | D:1      | Reached XP level 3. HP: 27/27 MP: 3/3
   635 | D:2      | Found a burning altar of Makhleb.
   640 | D:2      | Found a shattered altar of Ashenzari.
   642 | D:2      | Found a shadowy altar of Dithmenos.
   683 | D:2      | Found a hazy altar of Hepliaklqana.
   803 | D:2      | Reached skill level 5 in Bows
   844 | D:2      | Found a glowing silver altar of Zin.
  1159 | D:2      | Reached XP level 4. HP: 19/33 MP: 4/4
  1730 | D:3      | Reached XP level 5. HP: 33/39 MP: 5/5
  2051 | D:4      | Reached skill level 1 in Armour
  2059 | D:4      | Reached skill level 6 in Bows
  2071 | D:4      | Slain by a hound

Skill      XL: |  1  2  3  4  5 |
---------------+----------------+-----
Bows           | 5 6 |  6.1
Armour         | 1 |  1.1
Fighting       | |  2.7
Dodging        | |  2.0
Stealth        | |  1.0

Action                   |  1- 3 |  4- 6 || total
-------------------------+-------+-------++-------
 Fire: Shortbow          |    97 |   118 ||   215
  Use: Scroll            |     4 |     5 ||     9
  Eat: Royal jelly       |     1 |     1 ||     2
Armor: Leather armour    |     9 |    23 ||    32
Dodge: Dodged            |    21 |    48 ||    69
